 Dungeon Crawl Stone Soup version 0.28.0-53-g5a82cb258f (webtiles) character file.

Game seed: 10942931640762798606

81 pkoi the Conjurer (level 4, -2/33 HPs)
             Began as a Demigod Conjurer on June 1, 2022.
             Slain by a phantom (6 damage)
             ... on level 4 of the Dungeon.
             The game lasted 00:03:47 (4134 turns).

pkoi the Conjurer (Demigod Conjurer)                Turns: 4134, Time: 00:03:48

Health: -2/33      AC:  3    Str:  8    XL:     4   Next: 0%
Magic:  1/9        EV: 12    Int: 24    God:
Gold:   101        SH:  0    Dex: 12    Spells: 3/6 levels left

rFire   . . .      SeeInvis .   c - +0 whip
rCold   . . .      Faith    .   (no shield)
rNeg    . . .      Spirit   .   a - +1 robe
rPois   .          Reflect  .   (no helmet)
rElec   .          Harm     .   (no cloak)
rCorr   .          Rampage  .   (no gloves)
Will    .....                   (no boots)
Stlth   ++........              (no amulet)
HPRegen 0.11/turn               (no ring)
MPRegen 0.11/turn               (no ring)

@: attractive
A: high MP 1, forlorn, divine attributes
a: no special abilities


You were on level 4 of the Dungeon.
You visited 1 branch of the dungeon, and saw 4 of its levels.

You collected 101 gold pieces.

Inventory:

Hand Weapons
 c - a +0 whip (weapon)
Missiles
 e - 3 poisoned darts
Armour
 a - a +1 robe (worn)
Scrolls
 b - 4 scrolls of identify
Potions
 d - a potion of resistance
 f - a potion of attraction
 h - 2 potions of flight {unknown}
 i - a potion of cancellation {unknown}


   Skills:
 - Level 1.7 Dodging
 - Level 1.7 Stealth
 - Level 1.7 Spellcasting
 + Level 5.2 Conjurations


You had 3 spell levels left.
You knew the following spells:

 Your Spells              Type           Power      Damage    Failure   Level
a - Magic Dart            Conj           100%       1d8       1%          1
b - Searing Ray           Conj           54%        2d6       2%          2

Your spell library contained the following spells:

 Spells                   Type           Power      Damage    Failure   Level
 Animate Skeleton         Necr           4%         N/A       12%         1
 Apportation              Tloc           4%         N/A       12%         1
 Summon Small Mammal      Summ           8%         N/A       12%         1
 Dazzling Flash           Conj/Hex       28%        N/A       13%         3
 Fulminant Prism          Conj/Hex       7%         3d7       38%         4
 Iskenderun's Mystic Bla  Conj/Tloc      14%        2d5       38%         4


Dungeon Overview and Level Annotations

Branches:
Dungeon (4/15)
 Temple: D:4-7

Shops:
D:1 (

Annotations:
D:4 Ijyb


Innate Abilities, Weirdness & Mutations

You have an increased reservoir of magic. (+10% MP)
You shall have no god before yourself.
Your divine heritage dramatically boosts your attributes as you level up.


Message History

The phantom hits you.
* * * LOW HITPOINT WARNING * * *
Aiming: Magic Dart (safe; 1% risk of failure)
Press: ? - help, Q - select action, (/) - cycle Shift-Dir - straight line, f/p - phantom
Aim: a phantom (almost destroyed, 100% to hit)
The magic dart hits the phantom.
The phantom is almost destroyed.
The phantom hits you!
* * * LOW HITPOINT WARNING * * *
The phantom blinks!
You blink.
Aiming: Magic Dart (safe; 1% risk of failure)
Press: ? - help, Q - select action, (/) - cycle Shift-Dir - straight line, f/p - phantom
Aim: a phantom (almost destroyed, 100% to hit)
The magic dart hits the phantom.
The phantom is almost destroyed.
The phantom barely misses you.
Aiming: Magic Dart (safe; 1% risk of failure)
Press: ? - help, Q - select action, (/) - cycle Shift-Dir - straight line, f/p - phantom
Aim: a phantom (almost destroyed, 100% to hit)
The magic dart hits the phantom.
The phantom is almost destroyed.
The phantom hits you but does no damage.
You barely miss the phantom.
The phantom is almost destroyed.
The phantom hits you.
* * * LOW HITPOINT WARNING * * *
You closely miss the phantom.
The phantom is almost destroyed.
The phantom hits you!
* * * LOW HITPOINT WARNING * * *
The phantom blinks!
You blink.
You see here 8 gold pieces.
As you read the scroll labelled GISAZ SOMN, it crumbles to dust.
It is a scroll of enchant armour.
Your +0 robe glows green for a moment.
The phantom hits you.
* * * LOW HITPOINT WARNING * * *
It was a potion of attraction.
You feel attractive to monsters. The phantom hits you.
You die...

#.##.#
###########.##.#.#
.............#.#.#
#####........#.#.#
#####........#.#.#
.......#######.#..
######.#
#.#.####### #.#
#.......... #.#
###@##### #.#
#######W#######
#..
...............
###
#######$#######
#.# #.# #.# #.#
#.#


You could see a phantom.

Vanquished Creatures
  3 adders
  A worm (D:2)
  A dart slug (D:4)
  2 bats
  4 endoplasms
  3 giant cockroaches
  3 goblins
  5 hobgoblins
  7 jackals (D:2)
  3 quokkas
  4 ball pythons
  A frilled lizard (D:2)
  6 kobolds
  2 rats
45 creatures vanquished.

Notes
Turn   | Place    | Note
-------+----------+-------------------------------------------
     0 | D:1      | pkoi the Demigod Conjurer began the quest for the Orb.
     0 | D:1      | Reached XP level 1. HP: 14/14 MP: 5/5
   760 | D:1      | Reached skill level 4 in Conjurations
   889 | D:1      | Reached XP level 2. HP: 20/20 MP: 5/7
  1061 | D:1      | Found Imoamuali's Antique Weapon Emporium.
  1521 | D:2      | Learned a level 2 spell: Searing Ray
  1837 | D:2      | Reached XP level 3. HP: 26/26 MP: 4/8
  2977 | D:3      | Reached skill level 5 in Conjurations
  3703 | D:4      | Reached XP level 4. HP: 33/33 MP: 7/9
  3782 | D:4      | Noticed Ijyb
  4115 | D:4      | Noticed a phantom
  4134 | D:4      | Slain by a phantom

Illustrated notes

Levels and vault maps discovered:
D:1:      erik_arrival_cave_to_civilisation [erik_arrival_cave_to_hall],
          layout_basic, serial_shops, nicolae_shop_overgrown_old_shop
D:2:      layout_basic, basic_ecumenical_altar
D:3:      layout_basic, general_overflow_altar
D:4:      layout_basic, serial_shops, shop, uniq_ijyb

Skill      XL: |  1  2  3 |
---------------+----------+-----
Conjurations   | 4 5 |  5.2
Dodging        | |  1.7
Stealth        | |  1.7
Spellcasting   | |  1.7

Action                   |  1- 3 |  4- 6 || total
-------------------------+-------+-------++-------
Melee: Whip              |    11 |     2 ||    13
 Cast: Magic Dart        |   111 |    11 ||   122
       Searing Ray       |       |     2 ||     2
  Use: Scroll            |     6 |     1 ||     7
       Potion            |     1 |     1 ||     2
Armor: Robe              |     6 |     4 ||    10
Dodge: Dodged            |    18 |     5 ||    23
